 Dungeon Crawl Stone Soup version 0.21.1-1-g345015f (webtiles) character file.

1927 sking99 the Grappler (level 8, -1/83 HPs)
             Began as a Troll Monk on July 1, 2018.
             Slain by a centaur (6 damage)
             ... on level 7 of the Dungeon.
             The game lasted 00:10:50 (5605 turns).

sking99 the Grappler (Troll Monk)                   Turns: 5605, Time: 00:10:51

Health: -1/83      AC:  6    Str: 25    XL:     8   Next: 96%
Magic:  7/7        EV: 10    Int:  6    God:
Gold:   160        SH:  0    Dex: 12    Spells: 7/7 levels left

rFire    . . .     SeeInvis .     - Unarmed
rCold    . . .     Gourm    +   (no shield)
rNeg     . . .     Faith    .   a - +0 robe
rPois    .         Spirit   .   (helmet restricted)
rElec    .         Reflect  .   i - +0 cloak
rCorr    .         Harm     .   (gloves unavailable)
MR       .....                  (boots unavailable)
Stlth    ++........             (no amulet)
HPRegen  0.63/turn              g - -2 ring of dexterity (curse)
MPRegen  0.10/turn              (no ring)

@: mighty, lethally poisoned (-1 -> -2)
A: large, unfitting armour, claws 3, fast metabolism 3, gourmand, regeneration
1, shaggy fur 1, tough skin 2
a: no special abilities


You were on level 7 of the Dungeon.
You were not hungry.

You visited 2 branches of the dungeon, and saw 8 of its levels.
You also visited: Sewer.

You collected 341 gold pieces.
You spent 181 gold pieces at shops.

Inventory:

Armour
 a - a +0 robe (worn)
 i - a +0 cloak (worn)
Jewellery
 g - a cursed -2 ring of dexterity (left claw)
 y - the ring of Rawnon {+Fly Dex+7 Slay+2, unknown}
   (You found it on level 6 of the Dungeon)

   [ring of flight]

   It affects your dexterity (+7).
   It affects your accuracy and damage with ranged weapons and melee attacks
   (+2).
   It lets you fly.
Wands
 m - a wand of scattershot (11)
 p - a wand of flame (23)
 q - a wand of digging (20)
Scrolls
 e - 5 scrolls of identify
 j - 4 scrolls of magic mapping
 k - 5 scrolls of teleportation
 l - a scroll of enchant weapon
 r - 3 scrolls of blinking
 t - 3 scrolls of immolation
 v - 3 scrolls of fog
 w - 2 scrolls of fear
Potions
 c - 5 potions of might
 d - 4 potions of magic
 f - 3 potions of haste {unknown}
 h - 2 potions of curing {unknown}
 n - a potion of ambrosia {unknown}
 o - 3 potions of flight
 s - a potion of invisibility {unknown}
 z - a potion of degeneration {unknown}
 A - a potion of mutation {unknown}
Books
 u - a book of Callings

   Spells                             Type                      Level
   a - Summon Small Mammal            Summoning                    1
   b - Call Imp                       Summoning                    2
   c - Call Canine Familiar           Summoning                    3
   d - Summon Guardian Golem          Hexes/Summoning              3
   e - Summon Lightning Spire         Summoning/Air                4
   f - Summon Ice Beast               Ice/Summoning                4
 B - a book of Flames

   Spells                             Type                      Level
   a - Flame Tongue                   Conjuration/Fire             1
   b - Throw Flame                    Conjuration/Fire             2
   c - Conjure Flame                  Conjuration/Fire             3
   d - Inner Flame                    Hexes/Fire                   3
   e - Sticky Flame                   Conjuration/Fire             4
   f - Fireball                       Conjuration/Fire             5
Comestibles
 b - 17 rations


   Skills:
 + Level 6.1 Fighting
 - Level 2.4 Dodging
 - Level 1.0 Stealth
 * Level 10.0 Unarmed Combat


You had 7 spell levels left.
You didn't know any spells.

Dungeon Overview and Level Annotations

Branches:
Dungeon (7/15)             Temple (1/1) D:6

Altars:
Ashenzari
Cheibriados
Dithmenos
Elyvilon
Fedhas
Gozag
Hepliaklqana
Kikubaaqudgha
Makhleb
Nemelex Xobeh
Okawaru
Qazlal
Ru
Sif Muna
Trog
Uskayaw
Vehumet
Wu Jian
Xom
Yredelemnul
The Shining One

Shops:
D:4 ?


Innate Abilities, Weirdness & Mutations

You are too large for most types of armour.
You have claws for hands.
Your metabolism is lightning-fast.
You like to eat raw meat.
Your natural rate of healing is unusually fast.
You are covered in fur. (AC +1)
You have very tough skin. (AC +2)


Message History

* * * LOW HITPOINT WARNING * * *
You are more poisoned.
The adder poisons you!
The centaur skeleton hits you but does no damage.
You mangle the adder!!
You kill the adder!
The centaur skeleton barely misses you.
You scratch the centaur but do no damage.
You feel sick.
The centaur unwields an uncursed shortbow.
The centaur hits you.
* * * LOW HITPOINT WARNING * * *
The centaur skeleton hits you.
* * * LOW HITPOINT WARNING * * *
You scratch the centaur.
The centaur is lightly wounded.
The centaur misses you. The centaur skeleton hits you.
* * * LOW HITPOINT WARNING * * *
The centaur hits you.
You die...

.........#
........#
#......#
.##......#
.........#
....%....#
.........#
......†cZ+
.##....@.#
#......#
#......#
#.....%+
#......#
#......#
#......#
#..%...#


You could see a centaur and a centaur skeleton.

Vanquished Creatures
  The ghost of lotte the Caller, a novice DEWz of Vehumet (D:5)
  A hippogriff (D:7)
  Duvessa (D:6)
  A black bear (D:6)
  An ogre (D:7)
  A centaur (D:5)
  4 bullfrogs
  Dowan (D:6)
  A scorpion (D:4)
  2 orc priests
  3 hounds
  4 orc wizards
  A bullfrog skeleton (D:4)
  2 centaur skeletons
  Natasha (thrice) (D:3)
  2 worker ants
  12 adders
  8 river rats (Sewer)
  2 oozes (Sewer)
  3 adder skeletons
  An adder zombie (D:6)
  3 worms
  8 leopard geckos
  20 orcs
  7 giant cockroaches
  7 goblins
  8 hobgoblins
  8 jackals
  3 quokkas
  11 ball pythons
  8 bats
  13 frilled lizards
  A jackal zombie (D:5)
  2 kobolds (D:3)
  A quokka skeleton (D:5)
  2 quokka zombies (D:6)
  25 rats
182 creatures vanquished.

Vanquished Creatures (others)
  A leopard gecko (D:5)
1 creature vanquished.

Grand Total: 183 creatures vanquished

Notes
Turn   | Place    | Note
-------+----------+-------------------------------------------
     0 | D:1      | sking99 the Troll Monk began the quest for the Orb.
     0 | D:1      | Reached XP level 1. HP: 22/22 MP: 0/0
   180 | D:1      | Reached XP level 2. HP: 29/29 MP: 1/1
  1141 | D:2      | Reached XP level 3. HP: 36/36 MP: 2/2
  1219 | D:2      | Reached skill level 4 in Unarmed Combat
  1432 | D:3      | Reached XP level 4. HP: 18/45 MP: 3/3
  1616 | D:3      | Noticed Natasha
  1622 | D:3      | Killed Natasha
  1722 | D:3      | Reached skill level 5 in Unarmed Combat
  1727 | D:3      | Reached XP level 5. HP: 42/53 MP: 4/4
  1927 | D:3      | Noticed Natasha
  1933 | D:3      | Killed Natasha
  2194 | D:3      | Noticed Natasha
  2208 | D:3      | Killed Natasha
  2531 | D:4      | Reached XP level 6. HP: 37/62 MP: 5/5
  2618 | D:4      | Reached skill level 6 in Unarmed Combat
  2627 | D:4      | Found Soyrr's Magic Scroll Boutique.
  2632 | D:4      | Bought a scroll of magic mapping for 45 gold pieces
  2632 | D:4      | Bought a scroll of teleportation for 39 gold pieces
  2632 | D:4      | Bought a scroll of blinking for 97 gold pieces
  3056 | D:4      | Found a glowing drain.
  3072 | Sewer    | Entered a sewer
  3335 | Sewer    | Reached XP level 7. HP: 61/70 MP: 6/6
  3397 | Sewer    | Reached skill level 7 in Unarmed Combat
  3906 | D:4      | Found a deep blue altar of Sif Muna.
  4015 | D:5      | Entered Level 5 of the Dungeon
  4078 | D:5      | Found a shimmering altar of Xom.
  4281 | D:5      | Noticed lotte's ghost (novice DEWz)
  4282 | D:5      | Reached skill level 8 in Unarmed Combat
  4286 | D:5      | Reached skill level 5 in Fighting
  4286 | D:5      | Reached XP level 8. HP: 51/80 MP: 7/7
  4462 | D:5      | Killed lotte's ghost
  4694 | D:6      | Reached skill level 9 in Unarmed Combat
  4774 | D:6      | Noticed Duvessa
  4776 | D:6      | Noticed Dowan
  4777 | D:6      | Found a staircase to the Ecumenical Temple.
  4779 | D:6      | Killed Duvessa
  4782 | D:6      | Killed Dowan
  4863 | Temple   | Entered the Ecumenical Temple
  4962 | D:6      | Got a wavering bronze ring
  5584 | D:7      | Noticed a hippogriff
  5601 | D:7      | Killed a hippogriff
  5601 | D:7      | Reached skill level 10 in Unarmed Combat
  5605 | D:7      | Slain by a centaur

Skill      XL: |  1  2  3  4  5  6  7  8 |
---------------+-------------------------+-----
Unarmed Combat | 4 5 6 8 10 | 10.0
Fighting       | 3 4 5 6 |  6.1
Dodging        | |  2.4
Stealth        | |  1.0

Action                   |  1- 3 |  4- 6 |  7- 9 || total
-------------------------+-------+-------+-------++-------
Melee: Unarmed           |    99 |   228 |   155 ||   482
       Punch             |     1 |     7 |     7 ||    15
  Use: Scroll            |       |     7 |     5 ||    12
       Potion            |       |       |     4 ||     4
 Stab: Sleeping          |     3 |     2 |     1 ||     6
       Distracted        |       |     1 |       ||     1
  Eat: Chunk             |    18 |    19 |    15 ||    52
Armor: Robe              |    44 |    73 |   133 ||   250
Dodge: Dodged            |    56 |   102 |   161 ||   319
